 Dungeon Crawl Stone Soup version 0.31-a0-188-g5e087ee2ca (webtiles) character file.

Game seed: 9807997442886081119

347 qw the Skirmisher (level 6, -13/36 HPs)
             Began as a Deep Elf Hunter on June 23, 2023.
             Mangled by a gnoll
             ... wielding a +0 heavy halberd
              (19 damage)
             ... on level 4 of the Dungeon.
             The game lasted 00:01:16 (2125 turns).

qw the Skirmisher (Deep Elf Hunter)                 Turns: 2125, Time: 00:01:17

Health: -13/36     AC:  7    Str: 10    XL:     6   Next: 33%
Magic:  8/8        EV: 11    Int: 14    God:
Gold:   199        SH:  0    Dex: 18    Spells: 5/5 levels left

rFire   . . .        Y - +1 shortbow
rCold   . . .        (shield currently unavailable)
rNeg    . . .        c - +0 ring mail
rPois   .            (no helmet)
rElec   .            (no cloak)
rCorr   .            (no gloves)
SInv    .            g - +1 pair of boots
Will    .....        d - amulet of the acrobat
Stlth   +            (no ring)
HPRegen 0.26/turn    (no ring)
MPRegen 0.11/turn

%: acrobat
@: no status effects
A: no striking features
a: no special abilities


You were on level 4 of the Dungeon.
You visited 1 branch of the dungeon, and saw 4 of its levels.

You collected 199 gold pieces.


   Skills:
 - Level 2.4 Fighting
 + Level 9.1 Ranged Weapons
 - Level 1.1 Armour
 - Level 3.0 Dodging
 - Level 1.2 Stealth


You had 5 spell levels left.
You didn't know any spells.
Your spell library was empty.

Inventory:

Hand Weapons
 Y - a +1 shortbow (weapon)
Armour
 c - a +0 ring mail (worn)
 g - a +1 pair of boots (worn)
Jewellery
 d - an amulet of the acrobat (around neck)
Scrolls
 a - 2 scrolls of identify
Potions
 f - a potion of cancellation
 h - a potion of curing {unknown}
 i - a potion of lignification {unknown}
 j - a potion of brilliance {unknown}

Dungeon Overview and Level Annotations

Branches:
Dungeon (4/15)
 Temple: D:4-7

Altars:
Fedhas
Hepliaklqana
Nemelex Xobeh
Sif Muna
The Shining One

Shops:
D:1 !:[(

Annotations:
D:3 3 runed translucent doors, qw's ghost, weakling GrFi


Message History

You shoot an arrow. The arrow barely misses the gnoll.
The arrow closely misses the gnoll. x2
The orc wizard shouts!
The gnoll barely misses you.
You shoot an arrow. The arrow hits the gnoll!
The gnoll is severely wounded.
An orc comes into view. It is wielding a +0 mace.
The orc wizard gestures wildly while chanting.
The orc wizard flickers and vanishes!
Deactivating autopickup; reactivate with Ctrl-A.
The gnoll hits you from afar with a +0 heavy halberd!!
Ouch! That really hurt!
The gnoll closely misses you.
You shoot an arrow. The arrow hits the gnoll.
The gnoll is severely wounded.
The gnoll hits you but does no damage.
You shoot an arrow. The arrow hits the gnoll!
You kill the gnoll!
An orc priest comes into view. It is wielding a +0 whip.
The gnoll barely misses you. The gnoll closely misses you.
The gnoll misses you.
You shoot an arrow. The arrow barely misses the gnoll.
The gnoll hits you but does no damage. x2
You shoot an arrow. The arrow hits the gnoll.
The gnoll is almost dead.
The gnoll completely misses you. The gnoll misses you.
The gnoll hits you with a +0 flail.
An orc comes into view. It is wielding a +0 club.
You shoot an arrow.
The arrow hits the gnoll but does no damage.
The gnoll is almost dead.
The gnoll hits you but does no damage. The gnoll barely misses you.
The gnoll hits you from afar with a +0 heavy halberd.
You shoot an arrow. The arrow hits the gnoll.
You kill the gnoll!
Something hits you but does no damage. The gnoll hits you with a +0 flail.
You shoot an arrow. The arrow hits the gnoll.
The gnoll is moderately wounded.
The gnoll hits you from afar with a +0 heavy halberd!!
Ouch! That really hurt!
You die...

. .. ##. .## ... #.)
#.#+#.# #.. #.....#
#.# #.....# #.#####.#
#.....#
........####)g...#..
#........@ogo.o..
#.##'####.#.#.#..
#.#....##.# #
#.#....##.#.#
#.#..........
#.##'##.#.#.#
#.##.##.#.#'#.#.# ...
###.##.##.##....#.##
)..
###..................#
....


You could see an orc priest, 2 gnolls and 2 orcs.

Vanquished Creatures
  A kobold brigand (D:4)
  2 orc priests
  An iguana (D:3)
  An orc wizard (D:2)
  2 gnolls (D:4)
  4 adders (D:3)
  3 worms (D:2)
  A dart slug (D:1)
  11 orcs
  6 ball pythons
  10 endoplasms
  5 giant cockroaches
  7 goblins
  3 hobgoblins
  8 jackals
  3 quokkas
  4 bats
  A frilled lizard (D:1)
  8 kobolds
  7 rats
88 creatures vanquished.

Notes
Turn   | Place    | Note
-------+----------+-------------------------------------------
     0 | D:1      | qw the Deep Elf Hunter began the quest for the Orb.
     0 | D:1      | Reached XP level 1. HP: 12/12 MP: 3/3
     0 | D:1      | 0 ||| qw: Version: 0.3-a-9-g12657ce
     0 | D:1      | 0 ||| qw: Game counter: 3359
     0 | D:1      | 0 ||| qw: Always use a shield: true
     0 | D:1      | 0 ||| qw: God list: Okawaru
     0 | D:1      | 0 ||| qw: Allow faded altars: false
     0 | D:1      | 0 ||| qw: Do Orc after D:15 true
     0 | D:1      | 0 ||| qw: Do second Lair branch before Depths: true
     0 | D:1      | 0 ||| qw: Lair rune preference: random
     0 | D:1      | 0 ||| qw: Plans: Normal
     0 | D:1      | 0 ||| PLANNING D:1-11
    46 | D:1      | Found Coasoar's Distillery.
    57 | D:1      | 57 ||| SHOPLISTING 2 potions of curing (84 gold, have 38).
    57 | D:1      | 57 ||| SHOPLISTING potion of curing (42 gold, have 38).
    57 | D:1      | 57 ||| SHOPLISTING potion of haste (140 gold, have 38).
    57 | D:1      | 57 ||| SHOPLISTING potion of heal wounds (70 gold, have
                  | 38).
    57 | D:1      | 57 ||| SHOPLISTING potion of might (56 gold, have 38).
   163 | D:1      | Found Ackeofol's Book Shop.
   166 | D:1      | Reached XP level 2. HP: 16/16 MP: 4/4
   169 | D:1      | Reached skill level 6 in Ranged Weapons
   175 | D:1      | 175 ||| FLEEEEING.
   212 | D:1      | Found Geyhuh's Antique Armour Emporium.
   225 | D:1      | 225 ||| SHOPLISTING ancient robe (125 gold, have 54).
   225 | D:1      | 225 ||| SHOPLISTING embroidered cloak (165 gold, have 54).
   225 | D:1      | 225 ||| SHOPLISTING embroidered robe (81 gold, have 54).
   225 | D:1      | 225 ||| SHOPLISTING ring mail (88 gold, have 54).
   225 | D:1      | 225 ||| SHOPLISTING shiny scale mail (154 gold, have 54).
   261 | D:1      | Reached XP level 3. HP: 20/20 MP: 5/5
   491 | D:1      | Found Ovodd's Antique Weapon Emporium.
   518 | D:1      | 518 ||| UPGRADING to +0 pair of boots.
   523 | D:1      | 523 ||| READING 2 scrolls labelled UMIL ONYDEADD.
   524 | D:1      | 524 ||| READING scroll labelled LYOWOUZ NOKHEA.
   525 | D:1      | 525 ||| READING scroll labelled PEQE JAFRUFO.
   526 | D:1      | 526 ||| READING scroll labelled YTECHY QIVU.
   527 | D:1      | 527 ||| READING scroll labelled REPLON IK BESS.
   528 | D:1      | 528 ||| DROPPING scroll of fear.
   529 | D:1      | 529 ||| DROPPING scroll of butterflies.
   606 | D:2      | Reached skill level 7 in Ranged Weapons
   857 | D:2      | 857 ||| READING scroll of enchant armour.
   857 | D:2      | 857 ||| ENCHANTING +0 pair of boots.
   913 | D:2      | Reached XP level 4. HP: 25/25 MP: 6/6
  1011 | D:2      | 1011 ||| UPGRADING to amulet of the acrobat.
  1016 | D:2      | 1016 ||| READING 2 scrolls labelled JUTECI ZUCLOM.
  1017 | D:2      | 1017 ||| READING scroll labelled QUTUCEULYI.
  1018 | D:2      | 1018 ||| READING scroll labelled KUSHOXZ ANWA.
  1019 | D:2      | 1019 ||| DRINKING 2 emerald potions.
  1020 | D:2      | 1020 ||| DRINKING 2 black potions.
  1021 | D:2      | 1021 ||| DROPPING potion of attraction.
  1037 | D:3      | 1037 ||| PLANNING SEWER
  1040 | D:3      | 1040 ||| STAIRDANCE
  1100 | D:3      | 1100 ||| FLEEEEING.
  1101 | D:3      | 1101 ||| FLEEEEING.
  1102 | D:3      | 1102 ||| FLEEEEING.
  1103 | D:3      | 1103 ||| FLEEEEING.
  1104 | D:3      | 1104 ||| FLEEEEING.
  1105 | D:3      | 1105 ||| FLEEEEING.
  1106 | D:3      | 1106 ||| FLEEEEING.
  1107 | D:3      | 1107 ||| FLEEEEING.
  1108 | D:3      | 1108 ||| FLEEEEING.
  1109 | D:3      | 1109 ||| FLEEEEING.
  1110 | D:3      | 1110 ||| FLEEEEING.
  1111 | D:3      | 1111 ||| STAIRDANCE
  1154 | D:3      | 1154 ||| FLEEEEING.
  1155 | D:3      | 1155 ||| FLEEEEING.
  1156 | D:3      | 1156 ||| FLEEEEING.
  1157 | D:3      | 1157 ||| FLEEEEING.
  1158 | D:3      | 1158 ||| FLEEEEING.
  1159 | D:3      | 1159 ||| STAIRDANCE
  1178 | D:3      | 1178 ||| STAIRDANCE
  1184 | D:2      | Reached skill level 8 in Ranged Weapons
  1276 | D:3      | Reached XP level 5. HP: 16/29 MP: 7/7
  1348 | D:3      | Found a blossoming altar of Fedhas.
  1363 | D:3      | Found a sparkling altar of Nemelex Xobeh.
  1366 | D:3      | Found a hazy altar of Hepliaklqana.
  1504 | D:3      | Reached skill level 9 in Ranged Weapons
  1507 | D:3      | Found a runed translucent gate.
  1507 | D:3      | Found a runed translucent gate.
  1507 | D:3      | Found a runed translucent gate.
  1536 | D:3      | Found a shimmering blue altar of Sif Muna.
  1611 | D:3      | Found a glowing golden altar of the Shining One.
  1698 | D:3      | 1698 ||| RIP SEWER
  1749 | D:3      | 1749 ||| PLANNING D:1-11
  1755 | D:3      | Reached skill level 3 in Dodging
  1857 | D:3      | Noticed qw's ghost (weakling GrFi)
  1881 | D:3      | 1881 ||| UPGRADING to +0 scale mail.
  1891 | D:3      | 1891 ||| DROPPING +0 leather armour.
  1892 | D:3      | 1892 ||| READING 2 scrolls of identify.
  1892 | D:3      | 1892 ||| IDENTIFYING viscous cyan potion
  1910 | D:4      | 1910 ||| Stepping ~*~*~tactically~*~*~ (outnumbered).
  1912 | D:4      | 1912 ||| Stepping ~*~*~tactically~*~*~ (outnumbered).
  1914 | D:4      | 1914 ||| Stepping ~*~*~tactically~*~*~ (outnumbered).
  1916 | D:4      | 1916 ||| Stepping ~*~*~tactically~*~*~ (outnumbered).
  1925 | D:4      | Reached skill level 1 in Armour
  1993 | D:4      | 1993 ||| FLEEEEING.
  1994 | D:4      | 1994 ||| FLEEEEING.
  1995 | D:4      | 1995 ||| FLEEEEING.
  2001 | D:4      | 2001 ||| FLEEEEING.
  2002 | D:4      | 2002 ||| FLEEEEING.
  2003 | D:4      | 2003 ||| FLEEEEING.
  2008 | D:4      | 2008 ||| STAIRDANCE
  2039 | D:3      | 2039 ||| UPGRADING to +0 ring mail.
  2049 | D:3      | 2049 ||| DROPPING +0 scale mail.
  2067 | D:4      | HP: 4/29 [kobold brigand/+0 dagger (4)]
  2068 | D:4      | 2068 ||| DRINKING potion of heal wounds.
  2071 | D:4      | Reached XP level 6. HP: 34/36 MP: 8/8
  2123 | D:4      | HP: 9/36 [gnoll/+0 heavy halberd (5)]
  2125 | D:4      | Mangled by a gnoll

Levels and vault maps discovered:
D:1:      scummos_arrival_hexagon, layout_basic, serial_shops, shop,
          nicolae_shop_tiny_real_fake_doors, shop, shop
D:2:      layout_rooms, guppyfry_early_lair_pool
D:3:      layout_rooms, nicolae_tso_carved_into_rock, old_standard_altar,
          minitemple, gammafunk_ghost_icy, portal_sewer_entry_d
D:4:      layout_basic, pdpol_wu_jian_five_deadly_venoms, minmay_manual_moon,
          uniq_crazy_yiuf_cottage

Skill      XL: |  1  2  3  4  5 |
---------------+----------------+-----
Ranged Weapons | 6 7 8 9 |  9.1
Dodging        | 3 |  3.0
Armour         | 1 |  1.1
Fighting       | 2 |  2.4
Stealth        | |  1.2

Action                     |  1- 3 |  4- 6 || total
---------------------------+-------+-------++-------
   Fire: Shortbow          |   140 |   129 ||   269
    Use: Scroll            |     6 |     4 ||    10
         Potion            |       |     3 ||     3
 Armour: Leather armour    |    20 |     8 ||    28
         Scale mail        |       |     6 ||     6
         Ring mail         |       |     5 ||     5
  Dodge: Dodged            |    35 |    28 ||    63

Table legend:
 A = Non-vault XP
 B = Vault XP
 C = Vault XP percentage of total XP
 D = Non-vault monster count
 E = Vault monster count
 F = Vault count percentage of total count
                 A         B        C        D         E       F
            +---------+---------+-------+---------+---------+-------
      Total |     378 |     119 |  23.9 |      84 |       4 |   4.5
            +---------+---------+-------+---------+---------+-------
        D:1 |      51 |       0 |   0.0 |      29 |       0 |   0.0
        D:2 |      91 |       0 |   0.0 |      27 |       0 |   0.0
        D:3 |     155 |      14 |   8.3 |      21 |       1 |   4.5
        D:4 |      81 |     105 |  56.5 |       7 |       3 |  30.0
            +---------+---------+-------+---------+---------+-------
